 Dungeon Crawl Stone Soup version 0.27.0-1-g7a089689b8 (webtiles) character file.

Game seed: 1691351812709766113

692 theswoord the Cruncher (level 7, -2/50 HPs)
             Began as a Demonspawn Gladiator on Aug 8, 2021.
             Slain by a gnoll (3 damage)
             ... on level 5 of the Dungeon.
             The game lasted 00:05:34 (5733 turns).

theswoord the Cruncher (Demonspawn Gladiator)       Turns: 5733, Time: 00:05:35

Health: -2/50      AC: 12    Str: 16    XL:     7   Next: 36%
Magic:  0/7        EV:  8    Int: 10    God:
Gold:   49         SH:  4    Dex: 14    Spells: 6/6 levels left

rFire    . . .     SeeInvis .   a - +1 quarterstaff
rCold    . . .     Faith    .   (shield currently unavailable)
rNeg     + . .     Spirit   +   n - +0 plate armour
rPois    .         Reflect  .   c - +0 helmet
rElec    .         Harm     .   (no cloak)
rCorr    .         Rampage  .   g - +0 pair of gloves
Will     .....                  (no boots)
Stlth    ..........             f - amulet of guardian spirit
HPRegen  0.16/turn              k - ring of positive energy
MPRegen  0.10/turn              (no ring)

@: mighty, brilliant
A: hooves 1, repulsion field 2, condensation shield, demonic magic 1
a: no special abilities


You were on level 5 of the Dungeon.
You visited 1 branch of the dungeon, and saw 5 of its levels.

You collected 154 gold pieces.
You spent 105 gold pieces at shops.

Inventory:

Hand Weapons
 a - a +1 quarterstaff (weapon)
Missiles
 d - 3 throwing nets (quivered)
Armour
 b - a +0 leather armour
 c - a +0 helmet (worn)
 g - a +0 pair of gloves (worn)
 l - a +0 chain mail
 n - a +0 plate armour (worn)
Jewellery
 f - an amulet of guardian spirit (around neck)
 k - a ring of positive energy (left hand)
 m - an amulet of magic regeneration
 q - a ring of ice
Scrolls
 e - a scroll of enchant armour {unknown}
 p - a scroll of immolation {unknown}
Potions
 j - a potion of lignification {unknown}
 o - 4 potions of might
 r - 2 potions of attraction {unknown}


   Skills:
 - Level 2.0 Fighting
 + Level 8.0 Staves
 - Level 1.7 Throwing
 - Level 2.6 Dodging


You had 6 spell levels left.
You didn't know any spells.
Your spell library was empty.

Dungeon Overview and Level Annotations

Branches:
Dungeon (5/15)
 Temple: D:4-7

Altars:

Shops:
D:4 *


Innate Abilities, Weirdness & Mutations

You have large cloven feet.
You are surrounded by a moderate repulsion field. (EV +3)
A meltable shield of frost defends you. (SH +4)
Spells you cast may paralyse adjacent enemies.


Message History

The ufetubus hits you but does no damage. x2
Your plate armour prevents you from hitting the ufetubus.
You feel sick. You block the ufetubus's attack.
The ufetubus hits you but does no damage.
The gnoll hits you from afar with a +0 halberd.
* * * LOW HITPOINT WARNING * * *
The ufetubus barely misses you.
The ufetubus hits you but does no damage.
You barely miss the ufetubus.
You feel sick. You block the gnoll's attack. The ufetubus hits you.
* * * LOW HITPOINT WARNING * * *
The ufetubus hits you but does no damage.
You barely miss the ufetubus.
You feel sick. The ufetubus hits you.
* * * LOW HITPOINT WARNING * * *
The ufetubus hits you but does no damage.
The gnoll closely misses you. The ufetubus hits you.
* * * LOW HITPOINT WARNING * * *
The ufetubus hits you but does no damage.
You sock the ufetubus!
You kill the ufetubus!
You feel sick.
The gnoll hits you from afar with a +0 halberd.
* * * LOW HITPOINT WARNING * * *
The water moccasin bites you!
* * * LOW HITPOINT WARNING * * *
Your Staves skill increases to level 8!
You thump the water moccasin!
The water moccasin is severely wounded.
You feel sick.
The gnoll hits you from afar with a +0 halberd.
* * * LOW HITPOINT WARNING * * *
The water moccasin bites you.
* * * LOW HITPOINT WARNING * * *
You sock the water moccasin!
You kill the water moccasin!
* * * LOW HITPOINT WARNING * * *
You feel sick.
You are no longer poisoned.
The gnoll hits you from afar with a +0 halberd.
You die...

...# #.#.# #.# #(..#....#
...###.#.#####.# #...#....#
...............######...........
##.###.#(...................#.#.
##.###.######..#.##.##....(......
....##.# #......#)##...##.#.#.
.......# #......#........|#.#
..####.# #......#..#.......
..####.# ##..#@##..#.#.##...
.......# #..#†##..#.#.# ..
##.###.######..gg##..#.#..
##.#.......##.##gg.......
................g.........
##.#.......#####.....#.#..
##.#.......# #.........
...........# ###.###.#.#####
...........###..............


You could see a gnoll shaman and 4 gnolls.

Vanquished Creatures
  2 water moccasins
  A centaur (D:4)
  A water moccasin skeleton (D:5)
  The ghost of Skimidon the Skirmisher, a weakling HOMo (D:3)
  A howler monkey (D:4)
  A jelly (D:4)
  An orc priest (D:5)
  Natasha (twice) (D:3)
  2 orc wizards
  A howler monkey zombie (D:5)
  3 gnolls (D:5)
  6 adders
  An ufetubus (D:5)
  2 worms (D:2)
  3 dart slugs
  9 orcs
  4 bats
  4 endoplasms
  5 giant cockroaches
  9 goblins
  5 hobgoblins
  9 jackals
  4 kobolds
  5 quokkas
  8 ball pythons
  5 frilled lizards
  7 rats
102 creatures vanquished.

Notes
Turn   | Place    | Note
-------+----------+-------------------------------------------
     0 | D:1      | theswoord the Demonspawn Gladiator began the quest for the
                  | Orb.
     0 | D:1      | Reached XP level 1. HP: 16/16 MP: 1/1
    30 | D:1      | Reached skill level 3 in Staves
    48 | D:1      | Found a faded altar of an unknown god.
   142 | D:1      | Gained mutation: You are surrounded by a mild repulsion
                  | field. (EV +2) [demonic ancestry]
   142 | D:1      | Reached XP level 2. HP: 19/22 MP: 2/2
  1074 | D:1      | Reached XP level 3. HP: 27/27 MP: 3/3
  1413 | D:2      | Reached skill level 4 in Staves
  2222 | D:3      | Gained mutation: A meltable shield of frost defends you.
                  | (SH +4) [demonic ancestry]
  2222 | D:3      | Reached XP level 4. HP: 33/33 MP: 4/4
  2833 | D:3      | Noticed Natasha
  2838 | D:3      | Reached skill level 5 in Staves
  2851 | D:3      | Killed Natasha
  2977 | D:3      | Gained mutation: Spells you cast may paralyse adjacent
                  | enemies. [demonic ancestry]
  2977 | D:3      | Reached XP level 5. HP: 26/38 MP: 5/5
  3163 | D:3      | Found a transporter.
  3163 | D:3      | Noticed Skimidon's ghost (weakling HOMo)
  3182 | D:3      | Found a transporter.
  3230 | D:3      | Noticed Natasha
  3239 | D:3      | Killed Natasha
  3461 | D:3      | Killed Skimidon's ghost
  3884 | D:4      | Reached skill level 6 in Staves
  3892 | D:4      | Noticed a centaur
  3893 | D:4      | Gained mutation: You are surrounded by a moderate repulsion
                  | field. (EV +3) [demonic ancestry]
  3893 | D:4      | Reached XP level 6. HP: 31/44 MP: 6/6
  3970 | D:4      | Noticed a water moccasin
  3979 | D:4      | HP: 2/44 [poisoned by a water moccasin]
  3988 | D:4      | Killed a water moccasin
  3989 | D:4      | Reached skill level 7 in Staves
  4447 | D:4      | Gained mutation: You have large cloven feet. [demonic
                  | ancestry]
  4447 | D:4      | Reached XP level 7. HP: 50/50 MP: 7/7
  4801 | D:4      | Found Aluggih's Assorted Antiques.
  4804 | D:4      | Bought an agate ring for 105 gold pieces
  4860 | D:5      | Entered Level 5 of the Dungeon
  5732 | D:5      | Reached skill level 8 in Staves
  5732 | D:5      | HP: 1/50 [water moccasin (3)]
  5733 | D:5      | Slain by a gnoll

Skill      XL: |  1  2  3  4  5  6  7 |
---------------+----------------------+-----
Staves         | 3 4 5 6 7 8 |  8.0
Fighting       | |  2.0
Throwing       | |  1.7
Dodging        | |  2.6

Action                   |  1- 3 |  4- 6 |  7- 9 || total
-------------------------+-------+-------+-------++-------
Melee: Quarterstaff      |   140 |   162 |    75 ||   377
       Kick              |       |       |    14 ||    14
  Use: Scroll            |       |     4 |     2 ||     6
       Potion            |       |     3 |     3 ||     6
 Stab: Sleeping          |     1 |       |       ||     1
Armor: Leather armour    |    34 |     8 |       ||    42
       Plate armour      |       |    87 |    60 ||   147
       Chain mail        |       |     1 |       ||     1
Dodge: Dodged            |   122 |    65 |    32 ||   219
Block: Other             |       |    34 |    14 ||    48

Levels and vault maps discovered:
D:1:      tarquinn_simple_flora_water_a, layout_basic,
          dreamdust_ecumenical_altar_statues
D:2:      layout_basic, st_stairs_4
D:3:      layout_loops_ring, gammafunk_ghost_arena, due_unseen_surprise,
          uniq_natasha
D:4:      layout_basic, serial_shops, kennysheep_mini_moat, minmay_door_square,
          hangedman_abyss_or_decor_stagger, minmay_diced_spiral
D:5:      layout_basic
